 Dungeon Crawl Stone Soup version 0.29-a0-392-g297d3b089c (webtiles) character file.

Game seed: 10355376115740848564

32 bwicke the Shooter (level 3, -7/23 (26) HPs)
             Began as a Barachi Arcane Marksman on May 8, 2022.
             Mangled by Terence
             ... wielding the +7 Throatcutter {drain, coup de grace}
              (10 damage)
             ... on level 2 of the Dungeon.
             The game lasted 00:04:04 (1455 turns).

bwicke the Shooter (Barachi Arcane Marksman)        Turns: 1455, Time: 00:04:04

HP:   -7/23 (26)    AC:  4    Str: 11    XL:     3   Next: 27%
MP:   4/4           EV: 12    Int: 13    God:
Gold: 66            SH:  0    Dex: 14    Spells: 3/4 levels left

rFire   . . .      SeeInvis .   a - +0 shortbow
rCold   . . .      Faith    .   (shield currently unavailable)
rNeg    . . .      Spirit   .   f - +0 leather armour
rPois   .          Reflect  .   i - +1 hat
rElec   .          Harm     .   (no cloak)
rCorr   .          Rampage  .   (no gloves)
Will    .....                   (no boots)
Stlth   +.........              (no amulet)
HPRegen 0.07/turn               (no ring)
MPRegen 0.09/turn               (no ring)

@: about to teleport, heavily drained, slow
A: amphibious, slowness 1, strong legs 1, +LOS
a: Hop


You were on level 2 of the Dungeon.
You visited 1 branch of the dungeon, and saw 2 of its levels.

You collected 66 gold pieces.

Inventory:

Hand Weapons
 a - a +0 shortbow (weapon)
 d - a +1 dagger of venom
 h - a +0 hand axe
 j - a +1 dagger of protection
Armour
 b - a +0 robe
 f - a +0 leather armour (worn)
 i - a +1 hat (worn)
Scrolls
 c - 2 scrolls of vulnerability
 e - a scroll of teleportation
Potions
 g - a potion of resistance {unknown}
 k - a potion of lignification {unknown}


   Skills:
 - Level 1.2 Fighting
 + Level 3.6 Bows
 - Level 2.1 Dodging
 - Level 1.1 Spellcasting
 - Level 3.2 Hexes


You had 3 spell levels left.
You knew the following spells:

 Your Spells              Type           Power      Damage    Failure   Level
a - Slow                  Hex            36%        N/A       10%         1

Your spell library contained the following spells:

 Spells                   Type           Power      Damage    Failure   Level
 Inner Flame              Hex/Fire       4%         N/A       50%         3
 Portal Projectile        Hex/Tloc       8%         N/A       50%         3
 Cause Fear               Hex            4%         N/A       67%         4


Dungeon Overview and Level Annotations

Branches:
Dungeon (2/15)

Altars:

Shops:
D:1 =

Annotations:
D:2 Terence


Innate Abilities, Weirdness & Mutations

You are amphibious.
You cover ground slowly.
You can hop short distances.
You have an extended range of vision and can be seen from far away.


Message History

You shoot an arrow. The arrow barely misses Terence.
You shoot an arrow. The arrow hits Terence.
Terence is moderately wounded.
You shoot an arrow. The arrow closely misses Terence.
You shoot an arrow. The arrow hits Terence.
Terence is heavily wounded.
You shoot an arrow. The arrow closely misses Terence.
You shoot an arrow. The arrow hits Terence.
Terence is severely wounded.
You shoot an arrow.
The arrow hits Terence but does no damage.
Terence is severely wounded.
Terence hits you with the +7 Throatcutter {drain, coup de grace}!
Ouch! That really hurt!
You feel drained.
Unknown command.
Okay, then.
Unknown command.
Okay, then.
Unknown command.
You are too injured to fight recklessly!
Shoot: a) +0 shortbow
Press: ? - help, Shift-Dir - straight line, f/p - Terence
Aim: Terence, wielding the +7 Throatcutter {drain, coup de grace} and wearing a +0 scale mail (severely wounded, slow, 63% to hit)
You shoot an arrow. The arrow closely misses Terence.
Terence hits you with the +7 Throatcutter {drain, coup de grace}.
* * * LOW HITPOINT WARNING * * *
You feel drained.
* * * LOW HITPOINT WARNING * * *
Shoot: a) +0 shortbow
Press: ? - help, Shift-Dir - straight line, f/p - Terence
Aim: Terence, wielding the +7 Throatcutter {drain, coup de grace} and wearing a +0 scale mail (severely wounded, slow, 63% to hit)
You shoot an arrow.
The arrow hits Terence but does no damage.
Terence is severely wounded.
Terence is no longer moving slowly.
As you read the scroll labelled ASTRUM ADDUFICO, it crumbles to dust.
You feel strangely unstable.
It was a scroll of teleportation.
Terence hits you with the +7 Throatcutter {drain, coup de grace}!
You die...

... ... ... #.# #.# #)# #.#
... #.# #.# #.# #.# #.# #.#
##'## #.# #.# ##..@## #.# ##.#
##...@.## #.# ##..#
##.......## ##.##
####...####.........####><.##
.....<....'.........+.......##
####...####.........##.......#
####..# ##.......###.##.##.#
#.....# ##.....## #.##.##.#
#.##### ##...## #.#..##.# #.#
##+## #.#.###.#


You could see Terence.

Vanquished Creatures
  2 dart slugs
  3 bats (D:1)
  2 endoplasms (D:1)
  4 giant cockroaches (D:1)
  3 goblins (D:1)
  2 hobgoblins (D:1)
  2 kobolds
  2 quokkas (D:1)
  2 ball pythons (D:1)
  2 frilled lizards (D:1)
  2 rats (D:1)
26 creatures vanquished.

Notes
Turn   | Place    | Note
-------+----------+-------------------------------------------
     0 | D:1      | bwicke the Barachi Arcane Marksman began the quest for the
                  | Orb.
     0 | D:1      | Reached XP level 1. HP: 15/15 MP: 2/2
   358 | D:1      | Reached XP level 2. HP: 1/21 MP: 3/3
   865 | D:1      | Found Fouz's Jewellery Boutique.
  1044 | D:1      | Reached XP level 3. HP: 26/26 MP: 4/4
  1444 | D:2      | Noticed Terence
  1455 | D:2      | Mangled by Terence

Illustrated notes

Levels and vault maps discovered:
D:1:      matt_arrival_grand_opening, layout_loops_corners, serial_shops,
          nicolae_shop_crystal
D:2:      layout_loops_corners, hellmonk_ecumenical_altar_blasted, uniq_jessica,
          uniq_terence

Skill      XL: |  1  2 |
---------------+-------+-----
Bows           | 3 |  3.6
Fighting       | |  1.2
Dodging        | |  2.1
Spellcasting   | |  1.1
Hexes          | |  3.2

Action                   || total
-------------------------++-------
 Fire: Shortbow          ||    73
 Cast: Slow              ||     1
  Use: Scroll            ||     1
Armor: Leather armour    ||     4
Dodge: Dodged            ||    15

Table legend: (Time is in decaauts)
 A = Elapsed time spent in this place.
 B = Non-inter-level travel time spent in this place.
 C = Inter-level travel time spent in this place.
 D = Time resting spent in this place.
 E = Time spent auto-exploring this place.
 F = Levels seen in this place.
 G = Mean time per level.
                   A        B        C        D        E       F      G
               +--------+--------+--------+--------+--------+-----+--------+
         Total |   1647 |   1629 |     18 |    273 |   1112 |   2 |  823.5 |
       Dungeon |   1647 |   1629 |     18 |    273 |   1112 |   2 |  823.5 |
               +--------+--------+--------+--------+--------+-----+--------+

Top non-repeatable levels by time:
     D:1: 1532 daAuts
     D:2: 114 daAuts
